 Dungeon Crawl Stone Soup version 0.31-a0-774-g0d66cbabe8 (webtiles) character file.

Game seed: 11005074713402282246

112749 Armakuni the Devastator (level 17, 0/115 HPs)
             Began as a Human Wanderer on Sept 17, 2023.
             Was the Champion of Vehumet.
             Slain by an eight-headed hydra (1 damage)
             ... on level 5 of the Lair of Beasts.
             The game lasted 01:19:57 (22683 turns).

Armakuni the Devastator (Human Wanderer)           Turns: 22683, Time: 01:19:58

Health: 0/115      AC: 18    Str: 21    XL:     17   Next: 16%
Magic:  7/23       EV: 13    Int: 25    God:    Vehumet [******]
Gold:   620        SH:  0    Dex: 14    Spells: 7/24 levels left

rFire   + . .        a - staff of conjuration
rCold   . . .        (no shield)
rNeg    . . .        v - +1 scale mail {rPois}
rPois   +            q - +1 hat "Paphawil" {rF+ Will+ Str+8 Stlth-}
rElec   .            s - +0 cloak
rCorr   .            k - +1 pair of gloves
SInv    .            y - +0 pair of boots
Will    ++...        M - amulet of magic regeneration Stlth
                     A - +4 ring of protection
HPRegen 0.39/turn    I - +6 ring of intelligence
MPRegen 0.58/turn

%: no passive effects
@: studying Dodging
A: no striking features
a: Renounce Religion


You were on level 5 of the Lair of Beasts.
You worshipped Vehumet.
Vehumet was exalted by your worship.
You visited 3 branches of the dungeon, and saw 21 of its levels.
You visited 1 bazaar.
You also visited: Bailey and Volcano.

You collected 1922 gold pieces.
You spent 1302 gold pieces at shops.

Inventory:

Missiles
 d - 2 curare-tipped darts (quivered)
Armour
 k - a +1 pair of gloves (worn)
 m - a +0 buckler of fire resistance
 q - the +1 hat "Paphawil" (worn) {rF+ Will+ Str+8 Stlth-}
   (You bought it in a shop on level 2 of the Orcish Mines)

   Str+8:     It affects your strength (+8).
   rF+:       It protects you from fire.
   Will+:     It increases your willpower.
   Stlth-:    It makes you less stealthy.
 s - a +0 cloak (worn)
 v - a +1 scale mail of poison resistance (worn)
 y - a +0 pair of boots (worn)
Magical Staves
 a - a staff of conjuration (weapon)
Jewellery
 o - a ring of fire
 A - a +4 ring of protection (left hand)
 I - a +6 ring of intelligence (right hand)
 L - a ring of flight
 M - an amulet of magic regeneration (around neck)
Wands
 c - a wand of charming (11)
 h - a wand of acid (4)
 r - a wand of roots (13)
 J - a wand of digging (2)
Scrolls
 b - a scroll of torment
 g - 2 scrolls of enchant armour
 j - 7 scrolls of blinking
 n - 5 scrolls of teleportation
 u - 2 scrolls of noise
 z - a scroll of immolation
 B - a scroll of enchant weapon
 D - 6 scrolls of identify
 F - 2 scrolls of silence
 G - 2 scrolls of fog
 O - a scroll of fear
Potions
 e - 4 potions of cancellation
 f - 4 potions of enlightenment
 i - 13 potions of ambrosia
 l - a potion of heal wounds
 p - 4 potions of curing
 w - 4 potions of haste
 x - 3 potions of mutation
 C - 2 potions of resistance
 E - a potion of invisibility
 H - 3 potions of might
 K - a potion of attraction
 N - a potion of lignification
Miscellaneous
 t - a tin of tremorstones (2/2)


   Skills:
 - Level 5.0 Fighting
 - Level 7.9(10.5) Maces & Flails
 - Level 10.9(12.0) Staves
 - Level 5.0 Ranged Weapons
 - Level 5.0 Armour
 - Level 8.0 Dodging
 - Level 1.0 Stealth
 - Level 4.1 Spellcasting
 - Level 18.9 Conjurations
 - Level 5.0 Translocations
 - Level 5.0 Ice Magic
 + Level 4.9 Air Magic
 - Level 1.0 Invocations
 - Level 10.0 Evocations


You had 7 spell levels left.
You knew the following spells:

 Your Spells              Type           Power      Damage    Failure   Level
c - Freezing Cloud        Conj/Ice/Air   34%        6-21      3%          5
h - Hailstorm             Conj/Ice       78%        3d16      1%          3
j - Arcjolt               Conj/Air       38%        1d48      1%          5
m - Iskenderun's Mystic   Conj/Tloc      78%        2d16      1%          4

Your spell library contained the following spells:

 Spells                   Type           Power      Damage    Failure   Level
 Freeze                   Ice            100%       1d10      1%          1
 Kiss of Death            Conj/Necr      100%       2d13      1%          1
 Dazzling Flash           Conj/Hex       100%       N/A       1%          3
 Swiftness                Air            29%        N/A       10%         3
 Ensorcelled Hibernation  Hex/Ice        34%        N/A       13%         2
 Slow                     Hex            20%        N/A       24%         1
 Passwall                 Tmut/Erth      4%         N/A       34%         2
 Confusing Touch          Hex            5%         N/A       56%         3
 Sigil of Binding         Hex            5%         N/A       56%         3
 Tukima's Dance           Hex            5%         N/A       56%         3
 Vampiric Draining        Necr           5%         2d6       56%         3
 Dimensional Bullseye     Hex/Tloc       8%         N/A       63%         4
 Summon Ice Beast         Ice/Summ       17%        N/A       63%         4
 Dispel Undead            Necr           5%         3d7       93%         4
 Silence                  Hex/Air        8%         N/A       93%         5
 Summon Forest            Summ/Tloc      8%         N/A       93%         5
 Agony                    Necr           5%         N/A       100%        5
 Eringya's Noxious Bog    Tmut/Pois      2%         4d6       100%        6
 Simulacrum               Ice/Necr       8%         N/A       100%        6
 Summon Hydra             Summ           2%         N/A       100%        7


Dungeon Overview and Level Annotations

Branches:
Dungeon (14/15)            Temple (0/1) D:6            Lair (5/5) D:9
  Swamp (0/4) Lair:3       Spider (0/4) Lair:3        Slime (0/5) Lair:5
    Orc (2/2) D:11            Elf (0/3) Orc:2        Bailey (visited)
Volcano (visited)
 Vaults: D:13-14

Altars:
Cheibriados
Dithmenos
Fedhas
Gozag
Hepliaklqana
Nemelex Xobeh
Okawaru
Qazlal
Ru
Trog
Vehumet
Xom
Yredelemnul
Zin

Shops:
D:4 *   D:7 =   D:10 !   Orc:2 [([!

Annotations:
D:8 2 transporters, disskorpion's ghost, novice OpSh
D:10 1 runed translucent door, Cris's ghost, novice DsCj


Message History

You feel a surge of power!
You erupt in a blast of force!
The mystic blast hits the yak!
You kill the yak!
Vehumet accepts your kill.
You feel your power returning.
The mystic blast hits the eight-headed hydra!!
The eight-headed hydra is moderately wounded.
The eight-headed hydra bites you.
* * * LOW HITPOINT WARNING * * *
The eight-headed hydra bites you!
* * * LOW HITPOINT WARNING * * *
The eight-headed hydra bites you but does no damage.
The eight-headed hydra barely misses you.
The eight-headed hydra closely misses you. x2
The eight-headed hydra bites you but does no damage. x2
Training target 5.0 for Ice Magic reached!
Your Ice Magic skill increases to level 5!
Casting: Iskenderun's Mystic Blast (safe; 1% risk of failure)
Confirm with . or Enter, or press ? or * to list all spells.
You feel a surge of power!
You erupt in a blast of force!
The mystic blast hits the eight-headed hydra!
The eight-headed hydra is heavily wounded.
The eight-headed hydra is knocked back by the mystic blast.
Casting: Iskenderun's Mystic Blast (safe; 1% risk of failure)
Confirm with . or Enter, or press ? or * to list all spells.
You feel a surge of power!
You erupt in a blast of force!
The mystic blast hits the eight-headed hydra.
The eight-headed hydra is heavily wounded.
Casting: Iskenderun's Mystic Blast (safe; 1% risk of failure)
Confirm with . or Enter, or press ? or * to list all spells.
You feel a surge of power!
You erupt in a blast of force!
The mystic blast hits the eight-headed hydra!!
The eight-headed hydra is almost dead.
The eight-headed hydra bites you!
* * * LOW HITPOINT WARNING * * *
The eight-headed hydra bites you.
* * * LOW HITPOINT WARNING * * *
The eight-headed hydra bites you but does no damage.
The eight-headed hydra bites you.
You die...

##..#
#.#............
####.. #.#.#
##............
##... #####
##.#......#
#P...
####....##
###.. #....##
#... #.....#
#... #....§# #
##..
###§§○###.#
#P..
##@§§§§.#.#.
#P..
#.#D†.......
#...
####........ #
##.. ##.......
#.#... #......
#.... #.....
###P. .....
##.. .... #...
#... #..#


You could see an eight-headed hydra.

Vanquished Creatures
  Saint Roka (Orc:2)
  Donald (Orc:2)
  2 orc warlords
  Harold (D:10)
  Josephine (Orc:2)
  4 hydras
  6 death yaks
  7 two-headed ogres
  2 centaur warriors (D:13)
  2 tengu warriors (D:10)
  4 orc high priests (Orc:2)
  3 skysharks
  2 lindwurms (Volcano)
  Pikel (D:8)
  A deep elf pyromancer (D:10)
  4 orc knights (Orc:2)
  7 orc sorcerers
  4 cyclopes
  3 oklob plants
  A manticore (D:12)
  A toenail golem (Volcano)
  4 elephants (Lair:2)
  3 black mambas
  A gargoyle (D:12)
  12 cane toads
  5 molten gargoyles
  An unseen horror (D:10)
  7 komodo dragons
  6 rime drakes
  2 torpor snails (Lair:5)
  5 kobold demonologists
  2 efreet (Volcano)
  9 trolls
  4 polar bears
  A meliai (Lair:3)
  2 queen bees
  18 blink frogs
  6 dream sheep
  Sigmund (D:2)
  9 wyverns
  60 yaks
  6 wraiths
  9 basilisks
  5 fire elementals (Volcano)
  8 vampire mosquitoes
  2 steam dragons
  Edmund (D:4)
  9 wargs
  20 water moccasins
  67 orc warriors
  A black bear (D:6)
  An ice beast (D:7)
  2 sky beasts
  9 ogres
  26 wolves
  2 lemures (D:8)
  16 centaurs
  2 phantoms
  10 kobold brigands
  14 bullfrogs
  2 gnoll sergeants
  3 scorpions
  2 earth elementals (Volcano)
  5 wights (D:7)
  66 killer bees
  A howler monkey (D:5)
  5 lava snakes (Lair:4)
  3 gnoll boudas
  33 orc priests
  2 sleepcaps
  2 iguanas (D:4)
  Natasha (twice) (D:4 D:3)
  23 orc wizards
  A hell rat (Lair:2)
  14 gnolls
  6 adders
  A white imp (D:7)
  2 ufetubi
  4 dart slugs
  160 orcs
  4 bats
  11 endoplasms
  20 giant cockroaches
  17 goblins
  9 hobgoblins
  5 jackals
  23 kobolds
  A quokka (D:1)
  3 ball pythons
  7 frilled lizards
  4 rats
  A spectral hobgoblin (D:2)
868 creatures vanquished.

Vanquished Creatures (collateral kills)
  A wraith (Orc:2)
  A warg (Orc:2)
  An orc (Orc:2)
3 creatures vanquished.

Vanquished Creatures (others)
  A wyvern (D:10)
  A wraith (Orc:2)
2 creatures vanquished.

Grand Total: 873 creatures vanquished

Notes
Turn   | Place    | Note
-------+----------+-------------------------------------------
     0 | D:1      | Armakuni the Human Wanderer began the quest for the Orb.
     0 | D:1      | Armakuni set off with the following items: a +2 sling, a +0
                  | pair of boots, a potion of curing, a +0 leather armour; and
                  | the following spell memorised: Freeze; and the following
                  | spells available to memorise: Hailstorm.
     0 | D:1      | Reached XP level 1. HP: 15/15 MP: 2/2
    55 | D:1      | Reached XP level 2. HP: 19/21 MP: 3/3
   274 | D:1      | Reached XP level 3. HP: 26/26 MP: 4/4
   736 | D:2      | Found a faded altar of an unknown god.
   869 | D:2      | Noticed Sigmund
   917 | D:2      | Reached XP level 4. HP: 32/32 MP: 5/5
  1371 | D:3      | Found a shadowy altar of Dithmenos.
  1740 | D:3      | Found an iron altar of Okawaru.
  1893 | D:3      | Reached XP level 5. HP: 37/37 MP: 6/6
  1928 | D:3      | Found a sacrificial altar of Ru.
  2033 | D:3      | Found a blossoming altar of Fedhas.
  2187 | D:4      | Reached skill level 5 in Ranged Weapons
  2215 | D:4      | Noticed a phantom
  2243 | D:3      | Killed a phantom
  2244 | D:3      | Reached XP level 6. HP: 23/47 MP: 7/7
  2560 | D:2      | Killed Sigmund
  2561 | D:2      | Reached XP level 7. HP: 18/55 MP: 8/8
  2777 | D:4      | Reached skill level 5 in Fighting
  2904 | D:4      | Found a radiant altar of Vehumet.
  2948 | D:4      | Became a worshipper of Vehumet
  3190 | D:4      | Noticed Natasha
  3195 | D:4      | Killed Natasha
  3196 | D:4      | Reached skill level 1 in Armour
  3219 | D:4      | Noticed Natasha
  3219 | D:4      | Noticed Edmund
  3335 | D:3      | Found an opulent altar of Gozag.
  3341 | D:3      | Killed Natasha
  3370 | D:4      | Killed Edmund
  3589 | D:4      | Reached XP level 8. HP: 57/62 MP: 9/9
  3599 | D:4      | Found Tutirr's Assorted Antiques.
  3742 | D:5      | Entered Level 5 of the Dungeon
  3964 | D:5      | Reached skill level 5 in Maces & Flails
  4035 | D:5      | Noticed a wraith
  4058 | D:5      | Killed a wraith
  4058 | D:5      | Reached * piety under Vehumet
  4058 | D:5      | Offered knowledge of Foxfire by Vehumet.
  4813 | D:6      | Reached XP level 9. HP: 68/68 MP: 10/10
  4820 | D:6      | Learned a level 1 spell: Kiss of Death
  4824 | D:6      | Learned a level 3 spell: Hailstorm
  4931 | D:6      | Found a bloodstained altar of Trog.
  5084 | D:6      | Found a staircase to the Ecumenical Temple.
  5313 | D:6      | Found a snail-covered altar of Cheibriados.
  5313 | D:6      | Found a sparkling altar of Nemelex Xobeh.
  5825 | D:7      | Reached skill level 5 in Dodging
  5876 | D:7      | Reached ** piety under Vehumet
  5876 | D:7      | Offered knowledge of Static Discharge by Vehumet.
  5883 | D:7      | Reached skill level 5 in Armour
  5889 | D:7      | Reached skill level 1 in Conjurations
  5916 | D:7      | Reached skill level 2 in Conjurations
  6022 | D:7      | Reached XP level 10. HP: 74/74 MP: 11/11
  6052 | D:7      | Found Nuvuuddaku's Jewellery Shop.
  6092 | D:7      | Reached skill level 3 in Conjurations
  6404 | D:8      | Found a glowing silver altar of Zin.
  6493 | D:8      | Noticed Pikel
  6504 | D:8      | Killed Pikel
  6505 | D:8      | Reached skill level 5 in Conjurations
  6570 | D:8      | Reached skill level 6 in Conjurations
  6630 | D:8      | Found a stormy altar of Qazlal.
  7007 | D:8      | Noticed a two-headed ogre
  7008 | D:8      | Found a transporter.
  7010 | D:8      | Noticed disskorpion's ghost (novice OpSh)
  7022 | D:8      | Noticed a moth of wrath
  7023 | D:8      | Found a bloodstained altar of Trog.
  7120 | D:8      | Found a transporter.
  7179 | D:8      | Found a shimmering altar of Xom.
  7334 | D:4      | Bought a gnarled jewelled staff for 324 gold pieces
  7419 | D:9      | Noticed a kobold demonologist
  7419 | D:9      | Noticed a kobold demonologist
  7419 | D:9      | Noticed a kobold demonologist
  7419 | D:9      | Noticed a kobold demonologist
  7423 | D:9      | Offered knowledge of Inner Flame by Vehumet.
  7425 | D:9      | Noticed an orange demon
  7427 | D:9      | Noticed a soul eater
  7428 | D:9      | Killed a kobold demonologist
  7428 | D:9      | Reached *** piety under Vehumet
  7428 | D:9      | Killed a kobold demonologist
  7428 | D:9      | Killed a kobold demonologist
  7429 | D:9      | Reached skill level 7 in Conjurations
  7429 | D:9      | Noticed a rust devil
  7430 | D:9      | Killed a kobold demonologist
  7432 | D:9      | Reached skill level 8 in Conjurations
  7432 | D:9      | Reached XP level 11. HP: 22/79 MP: 12/12
  7605 | D:9      | Noticed a two-headed ogre
  7605 | D:9      | Found a staircase to the Lair.
  7638 | D:9      | Noticed a two-headed ogre
  7647 | D:8      | Killed a two-headed ogre
  7648 | D:8      | Reached skill level 5 in Evocations
  7786 | D:9      | Reached skill level 9 in Conjurations
  7787 | D:9      | Offered knowledge of Dazzling Flash by Vehumet.
  7893 | D:9      | Found a basalt altar of Yredelemnul.
  8014 | D:9      | Killed a two-headed ogre
  8247 | Lair:1   | Entered Level 1 of the Lair of Beasts
  8290 | D:10     | Entered Level 10 of the Dungeon
  8314 | D:10     | Found a runed translucent door.
  8314 | D:10     | Noticed Cris's ghost (novice DsCj)
  8319 | D:10     | Found Loufuf's Distillery.
  8411 | D:10     | Noticed a five-headed hydra
  8413 | D:10     | Identified the +8 quarterstaff of the Valley of Death
                  | {holy, rF+ rN+}
  8413 | D:10     | Noticed a tengu warrior
  8415 | D:10     | Noticed a tengu warrior
  8417 | D:10     | Killed a five-headed hydra
  8418 | D:10     | Noticed a cyclops
  8422 | D:10     | Killed a tengu warrior
  8422 | D:10     | Killed a tengu warrior
  8422 | D:10     | Killed a cyclops
  8423 | D:10     | Reached skill level 10 in Conjurations
  8478 | D:10     | Noticed a cyclops
  8491 | D:10     | Killed a cyclops
  8491 | D:10     | Reached **** piety under Vehumet
  8543 | D:10     | Reached skill level 1 in Staves
  8561 | D:10     | Noticed a cyclops
  8571 | D:10     | Killed a cyclops
  8572 | D:10     | Reached XP level 12. HP: 52/86 MP: 13/13
  8661 | D:10     | Found a flagged portal.
  8664 | D:10     | Offered knowledge of Volatile Blastmotes by Vehumet.
  8677 | Bailey   | Entered a bailey
  9076 | Bailey   | Reached XP level 13. HP: 39/91 MP: 14/14
  9180 | Bailey   | Reached skill level 12 in Conjurations
  9180 | Bailey   | Reached XP level 14. HP: 98/98 MP: 15/15
  9298 | D:10     | Found a hazy altar of Hepliaklqana.
  9842 | D:10     | Noticed Harold
  9859 | D:10     | Killed Harold
  9860 | D:10     | Reached skill level 10 in Staves
  9937 | D:10     | Reached skill level 10 in Evocations
 10037 | D:10     | Reached ***** piety under Vehumet
 10152 | D:4      | Bought a scroll labelled EKOAPS OTEUB for 27 gold pieces
 10152 | D:4      | Bought 2 smoky puce potions for 48 gold pieces
 10152 | D:4      | Bought a scroll of identify for 54 gold pieces
 10274 | D:11     | You fall into a shaft and drop 3 floors!
 10412 | D:13     | Offered knowledge of Airstrike by Vehumet.
 10804 | D:11     | Found a flickering gateway to a bazaar.
 10819 | Bazaar   | Entered a bazaar
 10825 | Bazaar   | Found Tuhi Ufe's Jewellery Shop.
 10825 | Bazaar   | Found Imiy's Book Boutique.
 10858 | Bazaar   | Bought a book of Weapons for 280 gold pieces
 10864 | Bazaar   | Learned a level 4 spell: Iskenderun's Mystic Blast
 10910 | D:11     | Found a staircase to the Orcish Mines.
 10994 | D:11     | Reached skill level 1 in Translocations
 11792 | Orc:1    | Entered Level 1 of the Orcish Mines
 12246 | Orc:2    | Entered Level 2 of the Orcish Mines
 12674 | Orc:2    | Identified the +1 kite shield of Distant Worlds {rElec
                  | Int-4 SInv}
 12674 | Orc:2    | Noticed Donald
 12678 | Orc:2    | Killed Donald
 12688 | Orc:2    | Noticed an orc warlord
 12711 | Orc:2    | Killed an orc warlord
 12712 | Orc:2    | Reached XP level 15. HP: 19/103 MP: 5/21
 12960 | Orc:2    | Reached skill level 13 in Conjurations
 13067 | Orc:2    | Offered knowledge of Conjure Ball Lightning by Vehumet.
 13085 | Orc:2    | Found Puesoh's Antique Armour Emporium.
 13100 | Orc:2    | Found Ackeucwu's Weapon Shoppe.
 13137 | Orc:2    | Bought a polished hat for 297 gold pieces
 13137 | Orc:2    | Identified the +1 hat "Paphawil" {rF+ Will+ Str+8 Stlth-}
                  | (You bought it in a shop on level 2 of the Orcish Mines)
 13658 | Orc:2    | Found a staircase to the Elven Halls.
 13852 | Orc:2    | Identified the +6 great sword of Entrepreneurial Spirit
                  | {chaos, Drain rF+ Int+2}
 13923 | Orc:2    | Noticed Saint Roka
 14178 | Orc:2    | Noticed Josephine
 14190 | Orc:2    | Killed Josephine
 14191 | Orc:2    | Reached skill level 14 in Conjurations
 14514 | Orc:2    | Killed Saint Roka
 15025 | Orc:2    | Offered knowledge of Lee's Rapid Deconstruction by Vehumet.
 15177 | Orc:2    | Found Beraet's Distillery.
 15187 | Orc:2    | Reached skill level 15 in Conjurations
 15257 | Orc:2    | Found Awiuz's Armour Emporium.
 15365 | Orc:1    | Noticed an orc warlord
 15377 | Orc:1    | Killed an orc warlord
 15678 | Orc:2    | Bought a potion of mutation for 136 gold pieces
 15678 | Orc:2    | Bought a potion of mutation for 136 gold pieces
 16442 | Lair:1   | Reached skill level 16 in Conjurations
 16447 | Lair:1   | Offered knowledge of Freezing Cloud by Vehumet.
 16454 | Lair:1   | Learned a level 5 spell: Freezing Cloud
 16719 | Lair:1   | Reached skill level 1 in Air Magic
 17002 | Lair:2   | Found a dark tunnel.
 17013 | Volcano  | Entered a volcano
 17602 | Volcano  | Reached XP level 16. HP: 106/109 MP: 17/22
 18215 | Lair:2   | Reached skill level 17 in Conjurations
 18926 | Lair:2   | Reached ****** piety under Vehumet
 19030 | Lair:2   | Offered knowledge of Leda's Unmaking by Vehumet.
 19371 | Lair:3   | Found a hole to the Spider Nest.
 19743 | Lair:3   | Found a staircase to the Swamp.
 19973 | Lair:3   | Reached skill level 18 in Conjurations
 20512 | Lair:4   | Offered knowledge of Arcjolt by Vehumet.
 20536 | Lair:4   | Learned a level 5 spell: Arcjolt
 21393 | Lair:5   | Entered Level 5 of the Lair of Beasts
 21693 | Lair:5   | Found a staircase to the Slime Pits.
 21701 | Lair:5   | Reached XP level 17. HP: 96/115 MP: 23/23
 22115 | Lair:5   | Reached skill level 5 in Translocations
 22681 | Lair:5   | Reached skill level 5 in Ice Magic
 22683 | Lair:5   | HP: 1/115 [eight-headed hydra (5)]
 22683 | Lair:5   | Slain by an eight-headed hydra

Illustrated notes

Levels and vault maps discovered:
D:1:      dpeg_arrival_solitude, layout_loops_cross
D:2:      layout_basic, dreamdust_ecumenical_altar_drowned_temple,
          chequers_serial_rivers_marsh, uniq_sigmund
D:3:      minmay_roachtagon, layout_loops_corners, nicolae_ru_path_of_blood,
          fedhas_altar_fruit_tree, nicolae_overflow_hidden_temple,
          nicolae_kite_square_tiling_tiny
D:4:      minmay_general_purpose_star, layout_cave_pools, vehumet_crystals,
          serial_shops, nicolae_shop_temple_entry_statues_fountains,
          uniq_edmund, uniq_natasha
D:5:      layout_layer_cave, serial_bayou, serial_bayou_shore_b,
          serial_bayou_pond_e, serial_bayou_shore_b, serial_bayou_pond_a,
          serial_bayou_pond_d, nrook_mini_vaults, kennysheep_flooded_box
D:6:      layout_gridville, lemuel_tele_altar, gammafunk_temple_overflow_statue,
          minmay_temple_entry_proselytizer
D:7:      layout_loops_corners, kennysheep_nondescript,
          minmay_shop_enchanted_jewellery, amcnicky_mini_corridor_feature,
          columned_hall_lemuel
D:8:      layout_basic, grunt_qazlal_sundering, zin_academy, tgw_xom,
          gammafunk_ghost_wrathful_warriors, minmay_misc_feat_secret_circle,
          uniq_pikel
D:9:      layout_cross, mainiacjoe_overflow_boulevard, lair_entry_dummy
D:10:     minmay_the_grid_triangle_9x9_recursive_2_mashed
          [minmay_the_grid_triangle_9x9_prize_schism,
          minmay_the_grid_triangle_9x9_thin_v,
          minmay_the_grid_triangle_9x9_corrupted_corridor,
          minmay_the_grid_triangle_9x9_stretched_checkered], layout_small_grid,
          worldfamousw_hep_ancestral_shrine, ebering_ghost_reflecting_pool,
          serial_shops, shop, enter_bailey_5, kennysheep_potato, uniq_harold
D:11:     layout_stronghold, orc_0_dummy, serial_shops, bzr_entry_gold
D:12:     layout_loops_ring, kennysheep_cross_room, uniq_sonja
D:13:     layout_loops_ring, chequers_garden, minmay_fire_ice_demons
D:14:     layout_basic, lightli_vaults_fourway_checkpoint, chequers_jeans,
          minmay_misc_feat_five, grunt_ministairs_9
Lair:1:   layout_loops_ring, special_room [special_room_bee], serial_forest,
          infiniplex_forest_lined_4_way, infiniplex_forest_straight_5,
          infiniplex_forest_corner_1, infiniplex_forest_clump_large,
          infiniplex_forest_lined_1, infiniplex_forest_clump_tiny
Lair:2:   regret_index_harrowing_hell_hive, layout_gridlike, enter_volcano_1,
          grunt_forest_large_clearing_hut, grunt_megastairs_2
Lair:3:   layout_roguey, swamp_mist, hellmonk_spider_entry_not_the_bees
Lair:4:   cheibrodos_magma_flow, layout_loops_ring, grunt_megastairs_1
Lair:5:   due_jungle_book, layout_cave_pods, slime_entry_1,
          dreamdust_mushroom_princess
Orc:1:    layout_caves
Orc:2:    pubby_orc_utopia, serial_shops, uniq_josephine, uniq_saint_roka,
          uniq_donald

Skill      XL: |  1  2  3  4  5  6  7  8  9 10 11 12 13 14 15 16 17 |
---------------+----------------------------------------------------+-----
Ranged Weapons | 3 4 5 |  5.0
Fighting       | 3 4 5 |  5.0
Armour         | 1 5 |  5.0
Maces & Flails | 3 7 |  7.9
Dodging        | 5 7 8 |  8.0
Conjurations   | 2 8 10 12 16 18 | 18.9
Evocations     | 4 8 9 10 | 10.0
Staves         | 2 9 10 | 10.9
Spellcasting   | 4 |  4.1
Translocations | 4 5 |  5.0
Ice Magic      | 3 5 |  5.0
Air Magic      | 3 4 |  4.9
Stealth        | |  1.0
Invocations    | |  1.0

Action                     |  1- 3 |  4- 6 |  7- 9 | 10-12 | 13-15 | 16-18 || total
---------------------------+-------+-------+-------+-------+-------+-------++-------
  Melee: Trident           |       |    14 |    16 |       |       |       ||    30
         Flail             |       |       |   180 |   188 |       |       ||   368
         Punch             |       |       |     2 |     1 |     5 |     5 ||    13
         Quarterstaff      |       |       |       |   132 |    23 |       ||   155
         Staff             |       |       |       |       |   573 |   366 ||   939
   Fire: Sling             |   116 |   131 |   126 |       |       |       ||   373
  Throw: Throwing net      |       |       |       |     2 |       |       ||     2
         Dart              |       |       |       |       |     2 |       ||     2
   Cast: Kiss of Death     |       |       |       |     1 |       |       ||     1
         Hailstorm         |       |       |       |       |   144 |    21 ||   165
         Iskenderun's Myst |       |       |       |       |    76 |    54 ||   130
         Freezing Cloud    |       |       |       |       |       |    26 ||    26
         Arcjolt           |       |       |       |       |       |    10 ||    10
  Evoke: Wand              |       |       |       |    19 |    19 |       ||    38
         Tin of tremorston |       |       |       |       |     3 |       ||     3
    Use: Scroll            |     6 |     2 |     5 |     7 |     9 |     1 ||    30
         Potion            |       |     3 |     7 |     4 |     4 |       ||    18
   Stab: Sleeping          |       |       |       |     1 |       |       ||     1
         Held in net/web   |       |       |       |     2 |       |       ||     2
 Armour: Leather armour    |    33 |    60 |   209 |   373 |   111 |       ||   786
         Skin              |       |       |    12 |       |       |     3 ||    15
         Troll leather arm |       |       |       |       |   128 |       ||   128
         Scale mail        |       |       |       |       |   208 |   290 ||   498
  Dodge: Dodged            |    28 |    54 |   182 |   348 |   349 |   221 ||  1182

Table legend: (Time is in decaauts)
 A = Elapsed time spent in this place.
 B = Non-inter-level travel time spent in this place.
 C = Inter-level travel time spent in this place.
 D = Time resting spent in this place.
 E = Time spent auto-exploring this place.
 F = Levels seen in this place.
 G = Mean time per level.
                   A        B        C        D        E       F      G
               +--------+--------+--------+--------+--------+-----+--------+
         Total |  22484 |  21212 |   1272 |   3802 |  11981 |  24 |  936.8 |
       Dungeon |  11354 |  10370 |    984 |    872 |   6606 |  14 |  811.0 |
          Lair |   5995 |   5900 |     95 |   1144 |   3742 |   5 | 1199.0 |
  Orcish Mines |   3788 |   3596 |    192 |   1180 |   1435 |   2 | 1894.0 |
        Bazaar |     51 |     51 |      0 |      0 |      4 |   1 |   51.0 |
        Bailey |    583 |    583 |      0 |    107 |    183 |   1 |  583.0 |
       Volcano |    711 |    711 |      0 |    498 |     11 |   1 |  711.0 |
               +--------+--------+--------+--------+--------+-----+--------+

Top non-repeatable levels by time:
   Orc:2: 3202 daAuts
  Lair:2: 1528 daAuts
     D:3: 1359 daAuts
  Lair:5: 1260 daAuts
    D:10: 1200 daAuts
     D:8: 1145 daAuts
  Lair:1: 1136 daAuts
     D:7: 1127 daAuts
  Lair:4: 1100 daAuts
    D:11: 1048 daAuts
     D:4: 1002 daAuts
  Lair:3: 969 daAuts
     D:5: 925 daAuts
     D:2: 900 daAuts
     D:6: 812 daAuts
